Jets vs Golden Knights
Created - February 5, 2021 at 19:00
Goals
|
Jets |
0 |
4 |
3 |
7 |
Golden Knights |
1 |
2 |
2 |
5 |
|
Shots
|
Jets |
6 |
16 |
11 |
33 |
Golden Knights |
9 |
9 |
13 |
31 |
|
1st period
1. Golden Knights , Wayne Simmonds 10 (Nathan Horton 10, Vladimir Mihalik 6) at 19:12
Penalties :
Mathew Dumba (Vgs) for Hooking (Minor) at 1:20, Matt Stajan (Vgs) for Hooking (Minor) at 8:16, Vladimir Mihalik (Vgs) for Tripping (Minor) at 16:25, Andrei Loktionov (Vgs) for Hooking (Minor) at 19:31
2nd period
2. Jets , Ryan Johansen 23 (Nino Niederreiter 25) at 0:10 (PP)
3. Jets , Tyler Myers 4 (Corey Perry 16, Victor Hedman 14) at 2:04 (PP)
4. Golden Knights , Andrei Loktionov 20 (Zach Bogosian 30, Michael Frolik 28) at 2:14
5. Jets , Victor Hedman 7 (Marcus Johansson 22, Kari Lehtonen) at 15:04
6. Golden Knights , Wayne Simmonds 11 (Jared Cowen 18, Zach Bogosian 31) at 17:41 (PP)
7. Jets , Ryan Johansen 24 (Nino Niederreiter 26, Victor Hedman 15) at 18:22
Penalties :
Michael Frolik (Vgs) for Goalie Interference (Minor) at 0:34, Wayne Simmonds (Vgs) for Tripping (Minor) at 9:04, Nino Niederreiter (Win) for Boarding (Minor) at 12:56, Marcus Johansson (Win) for Tripping (Minor) at 17:06
3rd period
8. Jets , Adam Henrique 21 (Ryan Johansen 35, Nino Niederreiter 27) at 5:25
9. Golden Knights , Shawn Matthias 4 (Patrice Cormier 5, Vladimir Mihalik 7) at 8:33
10. Golden Knights , Nathan Horton 7 (Shawn Matthias 10) at 11:15
11. Jets , Corey Perry 12 (Victor Hedman 16, Marcus Johansson 23) at 11:33
12. Jets , Jimmy Vesey 2 (Dwight King 2, Tyler Myers 17) at 16:41
Penalties :
Corey Perry (Win) for Tripping (Minor) at 6:17, Derek Stepan (Win) for Hooking (Minor) at 8:41, Wayne Simmonds (Vgs) for Roughing (Minor) at 12:43, Marco Scandella (Win) for Tripping (Minor) at 13:07
Goalie Stats
Kari Lehtonen (Win), 26 saves from 31 shots - (0.839), W, 15-10-2, 60:00 minutes
Ondrej Pavelec (Vgs), 26 saves from 33 shots - (0.788), L, 21-13-4, 60:00 minutes
Players Stats for Jets
Player Name G A P +/- PIM S H SB GA TA FO MP PP MP PK MP
------------------------------------------------------------------------------------
Adam Henrique 1 0 1 1 0 3 4 0 0 1 1/1 17:41 4:31 0:02
Corey Perry 1 1 2 1 2 2 0 0 0 0 0/0 16:51 4:59 0:00
Derek Stepan 0 0 0 1 2 4 1 3 1 0 13/25 19:32 4:59 2:59
Dougie Hamilton 0 0 0 -2 0 0 1 1 0 0 0/0 22:44 3:59 3:40
Dwight King 0 1 1 -1 0 0 2 0 0 1 0/0 10:59 0:00 0:14
Erik Haula 0 0 0 -1 0 3 0 0 1 0 2/7 13:09 0:00 2:24
Jimmy Vesey 1 0 1 -1 0 5 1 1 2 1 0/0 10:53 0:03 0:00
Josh Bailey 0 0 0 0 0 1 0 0 0 0 0/0 6:35 0:00 0:00
Marco Scandella 0 0 0 0 2 1 0 4 0 1 0/0 21:43 3:58 2:55
Marcus Johansson 0 2 2 1 2 1 2 0 0 0 1/2 19:24 5:37 2:13
Michael Matheson 0 0 0 -1 0 0 0 1 1 0 0/0 8:31 0:00 0:19
Miro Aaltonen 0 0 0 0 0 1 0 0 1 0 2/4 6:35 0:00 0:00
Nino Niederreiter 0 3 3 1 2 2 1 1 1 1 0/1 19:47 5:27 1:32
Ronalds Kenins 0 0 0 0 0 2 0 0 0 0 0/0 10:58 0:21 4:02
Ryan Johansen 2 1 3 1 0 3 0 0 0 0 11/24 19:01 5:30 0:26
Troy Stetcher 0 0 0 -1 0 0 0 0 0 0 0/0 8:50 0:00 0:02
Tyler Myers 1 1 2 2 0 3 0 3 1 0 0/0 29:07 6:30 3:40
Victor Hedman 1 3 4 4 0 2 2 3 0 2 0/0 29:04 6:30 3:16
Players Stats for Golden Knights
Player Name G A P +/- PIM S H SB GA TA FO MP PP MP PK MP
------------------------------------------------------------------------------------
Andrei Loktionov 1 0 1 0 2 6 1 1 1 1 23/33 22:42 3:23 3:13
Chris Tierney 0 0 0 -1 0 0 0 1 0 0 2/4 6:23 0:00 0:17
Ilya Kovalchuk 0 0 0 0 0 4 1 0 1 0 1/1 25:56 3:23 5:53
Jared Cowen 0 1 1 -3 0 1 0 2 0 1 0/0 31:12 4:25 7:02
Mathew Dumba 0 0 0 0 2 3 0 2 1 1 0/0 19:25 2:31 2:42
Matt Stajan 0 0 0 0 2 2 1 1 0 0 3/8 15:49 3:04 2:25
Michael Frolik 0 1 1 0 2 2 3 0 2 0 2/9 24:51 3:23 4:45
Michael Kostka 0 0 0 0 0 0 0 1 0 1 0/0 20:45 2:31 3:37
Nathan Horton 1 1 2 0 0 1 0 0 0 0 0/0 9:48 0:29 0:00
Patrice Cormier 0 1 1 0 0 1 1 0 0 0 1/2 9:36 0:29 0:00
Sergei Plotnikov 0 0 0 -1 0 1 0 0 0 0 0/0 7:42 0:00 1:22
Shawn Matthias 1 1 2 1 0 5 0 0 0 0 2/5 10:56 0:00 3:03
Thomas Vanek 0 0 0 0 0 1 1 1 0 0 0/1 12:53 3:04 0:00
Vladimir Mihalik 0 2 2 2 2 0 1 1 0 0 0/0 8:50 0:00 0:00
Vladimir Zharkov 0 0 0 -1 0 1 0 2 1 0 0/0 6:15 0:05 0:00
Wayne Simmonds 2 0 2 -1 4 2 1 0 0 0 0/1 14:46 3:28 0:00
Wes O'Neill 0 0 0 2 0 0 1 2 1 1 0/0 9:32 0:00 0:45
Zach Bogosian 0 2 2 -3 0 1 0 2 0 3 0/0 30:28 4:25 6:52
3 Stars
1 - Victor Hedman (Win)
2 - Ryan Johansen (Win)
3 - Tyler Myers (Win)
Power Play
Jets - 2 on 7 Attempt(s) - 28.57%
Golden Knights - 1 on 5 Attempt(s) - 20.00%
Penalty Kill
Jets - 4 on 5 Attempt(s) - 80.00%
- Score 0 goal in Penalty Kill
Golden Knights - 5 on 7 Attempt(s) - 71.43%
- Score 0 goal in Penalty Kill
Team Stat
Jets - Hits : 14 - Faceoff Wins : 30 - Blocked Shots : 17 - Penalty Minutes : 10
Golden Knights - Hits : 11 - Faceoff Wins : 34 - Blocked Shots : 16 - Penalty Minutes : 14
Official
Referees : Unknown
Linesman : Unknown
Game Notes
No Game Note
Finance
Level 1 -- Attendance: 6000 (100.00%) -- Ticket Income $558,000
Level 2 -- Attendance: 5000 (100.00%) -- Ticket Income $295,000
Level 3 -- Attendance: 1926 (96.30%) -- Ticket Income $75,114
Level 4 -- Attendance: 3809 (95.23%) -- Ticket Income $102,843
Luxury Box -- Attendance: 938 (93.80%) -- Ticket Income $150,080
Game was played at the Duff Garden.
Total Attendance: 17673 (98.18%)
Total Ticket Income: $1,181,037
Other Income: $177,156
Total Income: $1,358,193
Jets
5 vs 5 Forward
Center Left Wing Right Wing Time % Phy DF OF
1 Ryan Johansen Adam Henrique Nino Niederreiter 30 1 2 2
2 Derek Stepan Marcus Johansson Corey Perry 30 1 2 2
3 Erik Haula Dwight King Jimmy Vesey 25 1 2 2
4 Miro Aaltonen Ronalds Kenins Josh Bailey 15 1 2 2
5 vs 5 Defense
Defense Defense Time % Phy DF OF
1 Victor Hedman Tyler Myers 40 1 2 2
2 Dougie Hamilton Marco Scandella 30 1 2 2
3 Troy Stetcher Michael Matheson 20 1 2 2
4 Victor Hedman Marco Scandella 10 1 2 2
PowerPlay Forward
Center Left Wing Right Wing Time % Phy DF OF
1 Ryan Johansen Marcus Johansson Nino Niederreiter 55 1 0 4
2 Derek Stepan Adam Henrique Corey Perry 45 1 0 4
PowerPlay Defense
Defense Defense Time % Phy DF OF
1 Victor Hedman Tyler Myers 60 0 1 4
2 Dougie Hamilton Marco Scandella 40 0 1 4
Penalty Kill 4 Players Forward
Center Wing Time % Phy DF OF
1 Derek Stepan Ronalds Kenins 60 1 3 1
2 Erik Haula Nino Niederreiter 40 1 3 1
Penalty Kill 4 Players Defense
Defense Defense Time % Phy DF OF
1 Dougie Hamilton Tyler Myers 60 1 4 0
2 Victor Hedman Marco Scandella 40 1 4 0
Penalty Kill - 3 Players Forward
Forward Time % Phy DF OF
1 Erik Haula 60 1 2 2
2 Nino Niederreiter 40 1 2 2
Penalty Kill - 3 Players Defense
Defense Defense Time % Phy DF OF
1 Tyler Myers Dougie Hamilton 60 1 2 2
2 Marco Scandella Victor Hedman 40 1 2 2
4 vs 4 Forward
Center Wing Time % Phy DF OF
1 Ryan Johansen Adam Henrique 60 1 2 2
2 Derek Stepan Nino Niederreiter 40 1 2 2
4 vs 4 Defense
Defense Defense Time % Phy DF OF
1 Dougie Hamilton Tyler Myers 60 1 2 2
2 Victor Hedman Marco Scandella 40 1 2 2
Last Minutes Offensive
Center Left Wing Right Wing Defense Defense
Ryan Johansen Adam Henrique Corey Perry Victor Hedman Marco Scandella
Last Minutes Defensive
Center Left Wing Right Wing Defense Defense
Ryan Johansen Erik Haula Nino Niederreiter Marco Scandella Tyler Myers
Goaltenders
Starting : Kari Lehtonen
Backup : Jonathan Bernier
Extra Forwards
Normal : Nino Niederreiter, Corey Perry, Adam Henrique - PP : Nino Niederreiter, Corey Perry - PK : Nino Niederreiter
Extra Defensemen
Normal : Victor Hedman, Marco Scandella, Dougie Hamilton - PP : Tyler Myers - PK : Michael Matheson, Marco Scandella
Penalty Shots
Nino Niederreiter, Corey Perry, Adam Henrique, Ryan Johansen, Erik Haula
Scratches
Robert Hagg (Bruised Left Shoulder Injury)
Golden Knights
5 vs 5 Forward
Center Left Wing Right Wing Time % Phy DF OF
1 Andrei Loktionov Ilya Kovalchuk Michael Frolik 40 1 2 2
2 Matt Stajan Thomas Vanek Wayne Simmonds 30 1 2 2
3 Patrice Cormier Shawn Matthias Nathan Horton 20 1 2 2
4 Chris Tierney Sergei Plotnikov Vladimir Zharkov 10 1 2 2
5 vs 5 Defense
Defense Defense Time % Phy DF OF
1 Zach Bogosian Jared Cowen 40 1 2 2
2 Michael Kostka Mathew Dumba 30 1 2 2
3 Vladimir Mihalik Wes O'Neill 20 1 2 2
4 Zach Bogosian Jared Cowen 10 1 2 2
PowerPlay Forward
Center Left Wing Right Wing Time % Phy DF OF
1 Andrei Loktionov Ilya Kovalchuk Michael Frolik 60 1 2 2
2 Matt Stajan Thomas Vanek Wayne Simmonds 40 1 2 2
PowerPlay Defense
Defense Defense Time % Phy DF OF
1 Zach Bogosian Jared Cowen 60 1 2 2
2 Michael Kostka Mathew Dumba 40 1 2 2
Penalty Kill 4 Players Forward
Center Wing Time % Phy DF OF
1 Michael Frolik Ilya Kovalchuk 60 1 2 2
2 Andrei Loktionov Matt Stajan 40 1 2 2
Penalty Kill 4 Players Defense
Defense Defense Time % Phy DF OF
1 Zach Bogosian Jared Cowen 60 1 2 2
2 Michael Kostka Mathew Dumba 40 1 2 2
Penalty Kill - 3 Players Forward
Forward Time % Phy DF OF
1 Michael Frolik 60 1 2 2
2 Ilya Kovalchuk 40 1 2 2
Penalty Kill - 3 Players Defense
Defense Defense Time % Phy DF OF
1 Zach Bogosian Jared Cowen 60 1 2 2
2 Michael Kostka Mathew Dumba 40 1 2 2
4 vs 4 Forward
Center Wing Time % Phy DF OF
1 Michael Frolik Ilya Kovalchuk 60 1 2 2
2 Andrei Loktionov Matt Stajan 40 1 2 2
4 vs 4 Defense
Defense Defense Time % Phy DF OF
1 Zach Bogosian Jared Cowen 60 1 2 2
2 Michael Kostka Mathew Dumba 40 1 2 2
Last Minutes Offensive
Center Left Wing Right Wing Defense Defense
Andrei Loktionov Ilya Kovalchuk Michael Frolik Zach Bogosian Jared Cowen
Last Minutes Defensive
Center Left Wing Right Wing Defense Defense
Andrei Loktionov Ilya Kovalchuk Michael Frolik Zach Bogosian Jared Cowen
Goaltenders
Starting : Ondrej Pavelec
Backup : Matt Hackett
Extra Forwards
Normal : Nathan Horton, Patrice Cormier, Shawn Matthias - PP : Nathan Horton, Patrice Cormier - PK : Shawn Matthias
Extra Defensemen
Normal : Vladimir Mihalik, Wes O'Neill, Michael Kostka - PP : Vladimir Mihalik - PK : Wes O'Neill, Michael Kostka
Penalty Shots
Michael Frolik, Ilya Kovalchuk, Andrei Loktionov, Matt Stajan, Thomas Vanek
Scratches
None
% Time on Ice - Jets
Lines # - Real PCT - Wanted PCT - Time Play
Normal Forward
1 - 30% - 30% - 12:22
2 - 28% - 30% - 11:18
3 - 26% - 25% - 10:45
4 - 16% - 15% - 6:35
Normal Defense
1 - 44% - 40% - 17:58
2 - 34% - 30% - 13:53
3 - 20% - 20% - 8:12
4 - 2% - 10% - 0:57
PP Forward
1 - 52% - 55% - 5:30
2 - 48% - 45% - 4:59
PP Defense
1 - 62% - 60% - 6:30
2 - 38% - 40% - 3:59
PK Forward
1 - 90% - 60% - 6:15
2 - 10% - 40% - 0:41
PK Defense
1 - 53% - 60% - 3:40
2 - 47% - 40% - 3:16
PK3 Forward
1 - 0% - 60%
2 - 0% - 40%
PK3 Defense
1 - 0% - 60%
2 - 0% - 40%
44 Forward
1 - 86% - 60% - 1:22
2 - 14% - 40% - 0:13
44 Defense
1 - 62% - 60% - 0:59
2 - 38% - 40% - 0:36
Last Minute Offensive - 0:00
Last Minute Defensive - 0:00
Total
Forward - 60:00
Defense - 60:00
|
% Time on Ice - Golden Knights
Lines # - Real PCT - Wanted PCT - Time Play
Normal Forward
1 - 43% - 40% - 17:48
2 - 24% - 30% - 9:49
3 - 18% - 20% - 7:17
4 - 15% - 10% - 6:06
Normal Defense
1 - 44% - 40% - 17:54
2 - 34% - 30% - 13:52
3 - 21% - 20% - 8:47
4 - 1% - 10% - 0:27
PP Forward
1 - 56% - 60% - 3:52
2 - 44% - 40% - 3:04
PP Defense
1 - 64% - 60% - 4:25
2 - 36% - 40% - 2:31
PK Forward
1 - 69% - 60% - 7:16
2 - 31% - 40% - 3:13
PK Defense
1 - 66% - 60% - 6:52
2 - 34% - 40% - 3:37
PK3 Forward
1 - 0% - 60%
2 - 0% - 40%
PK3 Defense
1 - 0% - 60%
2 - 0% - 40%
44 Forward
1 - 66% - 60% - 1:03
2 - 34% - 40% - 0:32
44 Defense
1 - 53% - 60% - 0:50
2 - 47% - 40% - 0:45
Last Minute Offensive - 0:00
Last Minute Defensive - 0:00
Total
Forward - 60:00
Defense - 60:00
|
Play-by-Play
1st period
0:01 of 1st period - Ryan Johansen wins face-off versus Andrei Loktionov in neutral zone.
0:06 of 1st period - Jared Cowen is hit by Adam Henrique and loses puck.
0:26 of 1st period - Marcus Johansson is hit by Thomas Vanek and loses puck.
0:35 of 1st period - Snap shot by Wayne Simmonds.
0:35 of 1st period - Shot Misses the Net.
0:37 of 1st period - Slapshot by Zach Bogosian.
0:37 of 1st period - Shot Misses the Net.
0:53 of 1st period - Wrist shot by Vladimir Zharkov.
0:53 of 1st period - Shot Blocked by Victor Hedman.
0:55 of 1st period - Slapshot by Chris Tierney.
0:55 of 1st period - Shot Misses the Net.
0:57 of 1st period - Wrist shot by Chris Tierney.
0:57 of 1st period - Shot Misses the Net.
0:59 of 1st period - Wrist shot by Mathew Dumba.
0:59 of 1st period - Shot Misses the Net.
1:01 of 1st period - Slapshot by Vladimir Zharkov.
1:01 of 1st period - Stopped by Kari Lehtonen with a rebound.
1:20 of 1st period - Minor Penalty to Mathew Dumba for Hooking.
1:21 of 1st period - Ryan Johansen wins face-off versus Michael Frolik in Golden Knights zone.
2:20 of 1st period - Michael Kostka is hit by Nino Niederreiter.
3:20 of 1st period - Penalty to Mathew Dumba is over, Mathew Dumba is back on ice.
4:58 of 1st period - Wrist shot by Ronalds Kenins.
4:58 of 1st period - Stopped by Ondrej Pavelec without a rebound.
4:59 of 1st period - Patrice Cormier wins face-off versus Ryan Johansen in Golden Knights zone.
5:26 of 1st period - Dougie Hamilton is hit by Ilya Kovalchuk and loses puck.
5:49 of 1st period - Snap shot by Corey Perry.
5:49 of 1st period - Shot Blocked by Wes O'Neill.
5:55 of 1st period - Derek Stepan is hit by Wayne Simmonds and loses puck.
6:15 of 1st period - Slapshot by Zach Bogosian.
6:15 of 1st period - Deflect By Sergei Plotnikov.
6:15 of 1st period - Shot Blocked by Tyler Myers.
6:15 of 1st period - Puck is out of play.
6:16 of 1st period - Andrei Loktionov wins face-off versus Erik Haula in Jets zone.
6:48 of 1st period - Slapshot by Zach Bogosian.
6:48 of 1st period - Stopped by Kari Lehtonen without a rebound.
6:49 of 1st period - Matt Stajan wins face-off versus Ryan Johansen in Jets zone.
7:02 of 1st period - Snap shot by Matt Stajan.
7:02 of 1st period - Shot Misses the Net.
7:04 of 1st period - Wrist shot by Wayne Simmonds.
7:04 of 1st period - Shot Misses the Net.
7:34 of 1st period - Slapshot by Shawn Matthias.
7:34 of 1st period - Shot Blocked by Marco Scandella.
7:36 of 1st period - Slapshot by Mathew Dumba.
7:36 of 1st period - Stopped by Kari Lehtonen with a rebound.
7:38 of 1st period - Wrist shot by Shawn Matthias.
7:38 of 1st period - Shot Misses the Net.
7:40 of 1st period - Wrist shot by Patrice Cormier.
7:40 of 1st period - Shot Blocked by Jimmy Vesey.
7:42 of 1st period - Slapshot by Mathew Dumba.
7:42 of 1st period - Deflect By Shawn Matthias.
7:42 of 1st period - Stopped by Kari Lehtonen with a rebound.
7:44 of 1st period - Slapshot by Mathew Dumba.
7:44 of 1st period - Stopped by Kari Lehtonen with a rebound.
8:14 of 1st period - Snap shot by Nino Niederreiter.
8:14 of 1st period - Shot Misses the Net.
8:16 of 1st period - Minor Penalty to Matt Stajan for Hooking.
8:17 of 1st period - Ryan Johansen wins face-off versus Michael Frolik in Golden Knights zone.
8:34 of 1st period - Michael Frolik is hit by Marcus Johansson and loses puck.
8:45 of 1st period - Wrist shot by Derek Stepan.
8:45 of 1st period - Shot Misses the Net.
8:47 of 1st period - Snap shot by Victor Hedman.
8:47 of 1st period - Shot Misses the Net.
8:49 of 1st period - Slapshot by Tyler Myers.
8:49 of 1st period - Shot Blocked by Zach Bogosian.
8:51 of 1st period - Wrist shot by Derek Stepan.
8:51 of 1st period - Stopped by Ondrej Pavelec with a rebound.
8:53 of 1st period - Wrist shot by Tyler Myers.
8:53 of 1st period - Deflect By Zach Bogosian.
8:53 of 1st period - Stopped by Ondrej Pavelec with a rebound.
10:16 of 1st period - Penalty to Matt Stajan is over, Matt Stajan is back on ice.
10:52 of 1st period - Snap shot by Shawn Matthias.
10:52 of 1st period - Stopped by Kari Lehtonen with a rebound.
11:16 of 1st period - Off-side.
11:17 of 1st period - Michael Frolik wins face-off versus Miro Aaltonen in neutral zone.
12:13 of 1st period - Backhand shot by Shawn Matthias.
12:13 of 1st period - Shot Misses the Net.
12:15 of 1st period - Snap shot by Jared Cowen.
12:15 of 1st period - Shot Blocked by Marco Scandella.
13:03 of 1st period - Snap shot by Matt Stajan.
13:03 of 1st period - Stopped by Kari Lehtonen without a rebound.
13:04 of 1st period - Ryan Johansen wins face-off versus Andrei Loktionov in Jets zone.
14:20 of 1st period - Snap shot by Ronalds Kenins.
14:20 of 1st period - Shot Blocked by Michael Kostka.
14:22 of 1st period - Slapshot by Marco Scandella.
14:22 of 1st period - Deflect By Andrei Loktionov.
14:22 of 1st period - Stopped by Ondrej Pavelec with a rebound.
14:24 of 1st period - Snap shot by Ronalds Kenins.
14:24 of 1st period - Shot Misses the Net.
14:42 of 1st period - Wrist shot by Chris Tierney.
14:42 of 1st period - Shot Blocked by Nino Niederreiter.
15:42 of 1st period - Wrist shot by Andrei Loktionov.
15:42 of 1st period - Shot Misses the Net.
15:44 of 1st period - Snap shot by Michael Frolik.
15:44 of 1st period - Shot Blocked by Michael Matheson.
15:46 of 1st period - Slapshot by Jared Cowen.
15:46 of 1st period - Deflect By Ilya Kovalchuk.
15:46 of 1st period - Stopped by Kari Lehtonen without a rebound.
15:47 of 1st period - Ryan Johansen wins face-off versus Matt Stajan in Jets zone.
16:02 of 1st period - Slapshot by Nino Niederreiter.
16:02 of 1st period - Shot Blocked by Matt Stajan.
16:18 of 1st period - Snap shot by Derek Stepan.
16:18 of 1st period - Stopped by Ondrej Pavelec without a rebound.
16:19 of 1st period - Derek Stepan wins face-off versus Andrei Loktionov in Golden Knights zone.
16:25 of 1st period - Minor Penalty to Vladimir Mihalik for Tripping.
16:26 of 1st period - Ryan Johansen wins face-off versus Michael Frolik in Golden Knights zone.
18:25 of 1st period - Penalty to Vladimir Mihalik is over, Vladimir Mihalik is back on ice.
19:12 of 1st period - Slapshot by Wayne Simmonds.
19:12 of 1st period - Goal by Wayne Simmonds - Jets : 0 - Golden Knights : 1.
19:13 of 1st period - Andrei Loktionov wins face-off versus Derek Stepan in neutral zone.
19:21 of 1st period - Michael Frolik is hit by Victor Hedman and loses puck.
19:31 of 1st period - Minor Penalty to Andrei Loktionov for Hooking.
19:32 of 1st period - Marcus Johansson wins face-off versus Michael Frolik in Golden Knights zone.
19:33 of 1st period - Snap shot by Nino Niederreiter.
19:33 of 1st period - Stopped by Ondrej Pavelec without a rebound.
19:34 of 1st period - Ilya Kovalchuk wins face-off versus Ryan Johansen in Golden Knights zone.
Goals for this period are 0 for Jets vs 1 for Golden Knights.
Shots for this period are 6 for Jets vs 9 for Golden Knights.
2nd period
0:01 of 2nd period - Ryan Johansen wins face-off versus Michael Frolik in neutral zone.
0:08 of 2nd period - Snap shot by Ryan Johansen.
0:08 of 2nd period - Shot Hit the Post.
0:10 of 2nd period - Snap shot by Ryan Johansen.
0:10 of 2nd period - Goal by Ryan Johansen - Jets : 1 - Golden Knights : 1.
0:11 of 2nd period - Andrei Loktionov wins face-off versus Ryan Johansen in neutral zone.
0:20 of 2nd period - Snap shot by Andrei Loktionov.
0:20 of 2nd period - Stopped by Kari Lehtonen with a rebound.
0:34 of 2nd period - Minor Penalty to Michael Frolik for Goalie Interference.
0:35 of 2nd period - Ryan Johansen wins face-off versus Shawn Matthias in Golden Knights zone.
0:36 of 2nd period - Wrist shot by Nino Niederreiter.
0:36 of 2nd period - Shot Blocked by Jared Cowen.
0:38 of 2nd period - Wrist shot by Ryan Johansen.
0:38 of 2nd period - Shot Blocked by Jared Cowen.
0:51 of 2nd period - Off-side.
0:52 of 2nd period - Shawn Matthias wins face-off versus Derek Stepan in neutral zone.
0:57 of 2nd period - Snap shot by Ilya Kovalchuk.
0:57 of 2nd period - Deflect By Shawn Matthias.
0:57 of 2nd period - Stopped by Kari Lehtonen with a rebound.
1:05 of 2nd period - Snap shot by Victor Hedman.
1:05 of 2nd period - Deflect By Derek Stepan.
1:05 of 2nd period - Shot Misses the Net.
1:05 of 2nd period - Puck is out of play.
1:06 of 2nd period - Shawn Matthias wins face-off versus Ryan Johansen in Golden Knights zone.
1:37 of 2nd period - Chris Tierney is hit by Derek Stepan and loses puck.
2:04 of 2nd period - Backhand shot by Tyler Myers.
2:04 of 2nd period - Goal by Tyler Myers - Jets : 2 - Golden Knights : 1.
2:05 of 2nd period - Andrei Loktionov wins face-off versus Erik Haula in neutral zone.
2:12 of 2nd period - Slapshot by Zach Bogosian.
2:12 of 2nd period - Shot Blocked by Marco Scandella.
2:14 of 2nd period - Snap shot by Andrei Loktionov.
2:14 of 2nd period - Goal by Andrei Loktionov - Jets : 2 - Golden Knights : 2.
2:15 of 2nd period - Andrei Loktionov wins face-off versus Derek Stepan in neutral zone.
2:32 of 2nd period - Marcus Johansson is hit by Michael Frolik and loses puck.
2:49 of 2nd period - Slapshot by Jared Cowen.
2:49 of 2nd period - Shot Blocked by Tyler Myers.
2:51 of 2nd period - Snap shot by Jared Cowen.
2:51 of 2nd period - Shot Misses the Net.
2:53 of 2nd period - Wrist shot by Shawn Matthias.
2:53 of 2nd period - Stopped by Kari Lehtonen with a rebound.
2:55 of 2nd period - Slapshot by Zach Bogosian.
2:55 of 2nd period - Shot Blocked by Derek Stepan.
2:57 of 2nd period - Slapshot by Patrice Cormier.
2:57 of 2nd period - Shot Misses the Net.
4:12 of 2nd period - Marco Scandella is hit by Patrice Cormier and loses puck.
4:59 of 2nd period - Snap shot by Andrei Loktionov.
4:59 of 2nd period - Stopped by Kari Lehtonen with a rebound.
5:43 of 2nd period - Snap shot by Patrice Cormier.
5:43 of 2nd period - Stopped by Kari Lehtonen without a rebound.
5:44 of 2nd period - Ryan Johansen wins face-off versus Andrei Loktionov in Jets zone.
6:15 of 2nd period - Wrist shot by Jimmy Vesey.
6:15 of 2nd period - Stopped by Ondrej Pavelec with a rebound.
6:17 of 2nd period - Slapshot by Victor Hedman.
6:17 of 2nd period - Stopped by Ondrej Pavelec without a rebound.
6:18 of 2nd period - Derek Stepan wins face-off versus Matt Stajan in Golden Knights zone.
6:19 of 2nd period - Slapshot by Marcus Johansson.
6:19 of 2nd period - Stopped by Ondrej Pavelec with a rebound.
6:54 of 2nd period - Snap shot by Adam Henrique.
6:54 of 2nd period - Shot Blocked by Vladimir Mihalik.
7:03 of 2nd period - Off-side.
7:04 of 2nd period - Erik Haula wins face-off versus Patrice Cormier in neutral zone.
7:15 of 2nd period - Wrist shot by Erik Haula.
7:15 of 2nd period - Stopped by Ondrej Pavelec with a rebound.
7:38 of 2nd period - Wrist shot by Jimmy Vesey.
7:38 of 2nd period - Stopped by Ondrej Pavelec without a rebound.
7:39 of 2nd period - Adam Henrique wins face-off versus Andrei Loktionov in Golden Knights zone.
7:40 of 2nd period - Snap shot by Ryan Johansen.
7:40 of 2nd period - Stopped by Ondrej Pavelec with a rebound.
7:46 of 2nd period - Wrist shot by Adam Henrique.
7:46 of 2nd period - Deflect By Ryan Johansen.
7:46 of 2nd period - Shot Blocked by Andrei Loktionov.
7:46 of 2nd period - Puck is out of play.
7:47 of 2nd period - Andrei Loktionov wins face-off versus Ryan Johansen in Golden Knights zone.
8:04 of 2nd period - Snap shot by Andrei Loktionov.
8:04 of 2nd period - Shot Misses the Net.
8:10 of 2nd period - Ilya Kovalchuk is hit by Adam Henrique and loses puck.
8:41 of 2nd period - Snap shot by Adam Henrique.
8:41 of 2nd period - Stopped by Ondrej Pavelec with a rebound.
8:43 of 2nd period - Snap shot by Ryan Johansen.
8:43 of 2nd period - Shot Misses the Net.
8:47 of 2nd period - Wrist shot by Nino Niederreiter.
8:47 of 2nd period - Shot Blocked by Mathew Dumba.
8:55 of 2nd period - Slapshot by Nino Niederreiter.
8:55 of 2nd period - Stopped by Ondrej Pavelec without a rebound.
8:56 of 2nd period - Derek Stepan wins face-off versus Matt Stajan in Golden Knights zone.
9:04 of 2nd period - Minor Penalty to Wayne Simmonds for Tripping.
9:05 of 2nd period - Derek Stepan wins face-off versus Michael Frolik in Golden Knights zone.
10:56 of 2nd period - Icing by Corey Perry.
10:57 of 2nd period - Derek Stepan wins face-off versus Shawn Matthias in Jets zone.
11:04 of 2nd period - Penalty to Wayne Simmonds is over, Wayne Simmonds is back on ice.
11:22 of 2nd period - Snap shot by Erik Haula.
11:22 of 2nd period - Shot Misses the Net.
11:34 of 2nd period - Snap shot by Ronalds Kenins.
11:34 of 2nd period - Stopped by Ondrej Pavelec without a rebound.
11:35 of 2nd period - Miro Aaltonen wins face-off versus Chris Tierney in Golden Knights zone.
11:40 of 2nd period - Snap shot by Miro Aaltonen.
11:40 of 2nd period - Stopped by Ondrej Pavelec without a rebound.
11:41 of 2nd period - Andrei Loktionov wins face-off versus Derek Stepan in Golden Knights zone.
12:18 of 2nd period - Snap shot by Nino Niederreiter.
12:18 of 2nd period - Shot Misses the Net.
12:20 of 2nd period - Slapshot by Adam Henrique.
12:20 of 2nd period - Stopped by Ondrej Pavelec without a rebound.
12:21 of 2nd period - Andrei Loktionov wins face-off versus Erik Haula in Golden Knights zone.
12:36 of 2nd period - Victor Hedman is hit by Michael Frolik and loses puck.
12:56 of 2nd period - Minor Penalty to Nino Niederreiter for Boarding.
12:57 of 2nd period - Derek Stepan wins face-off versus Matt Stajan in Jets zone.
14:32 of 2nd period - Icing by Mathew Dumba.
14:33 of 2nd period - Andrei Loktionov wins face-off versus Ryan Johansen in Golden Knights zone.
14:56 of 2nd period - Penalty to Nino Niederreiter is over, Nino Niederreiter is back on ice.
15:04 of 2nd period - Slapshot by Victor Hedman.
15:04 of 2nd period - Goal by Victor Hedman - Jets : 3 - Golden Knights : 2.
15:05 of 2nd period - Andrei Loktionov wins face-off versus Ryan Johansen in neutral zone.
15:29 of 2nd period - Icing by Ryan Johansen.
15:30 of 2nd period - Derek Stepan wins face-off versus Wayne Simmonds in Jets zone.
16:01 of 2nd period - Slapshot by Ryan Johansen.
16:01 of 2nd period - Shot Blocked by Mathew Dumba.
16:43 of 2nd period - Snap shot by Tyler Myers.
16:43 of 2nd period - Deflect By Josh Bailey.
16:43 of 2nd period - Stopped by Ondrej Pavelec with a rebound.
16:45 of 2nd period - Snap shot by Miro Aaltonen.
16:45 of 2nd period - Deflect By Ronalds Kenins.
16:45 of 2nd period - Shot Misses the Net.
16:45 of 2nd period - Puck is out of play.
16:46 of 2nd period - Derek Stepan wins face-off versus Andrei Loktionov in Golden Knights zone.
16:53 of 2nd period - Snap shot by Vladimir Mihalik.
16:53 of 2nd period - Shot Misses the Net.
16:55 of 2nd period - Wrist shot by Ilya Kovalchuk.
16:55 of 2nd period - Stopped by Kari Lehtonen with a rebound.
16:57 of 2nd period - Wrist shot by Ilya Kovalchuk.
16:57 of 2nd period - Shot Blocked by Dougie Hamilton.
16:59 of 2nd period - Wrist shot by Michael Frolik.
16:59 of 2nd period - Stopped by Kari Lehtonen without a rebound.
17:00 of 2nd period - Andrei Loktionov wins face-off versus Derek Stepan in Jets zone.
17:06 of 2nd period - Minor Penalty to Marcus Johansson for Tripping.
17:07 of 2nd period - Andrei Loktionov wins face-off versus Derek Stepan in Jets zone.
17:41 of 2nd period - Slapshot by Wayne Simmonds.
17:41 of 2nd period - Goal by Wayne Simmonds - Jets : 3 - Golden Knights : 3.
17:42 of 2nd period - Derek Stepan wins face-off versus Andrei Loktionov in neutral zone.
18:09 of 2nd period - Thomas Vanek is hit by Adam Henrique and loses puck.
18:20 of 2nd period - Slapshot by Nino Niederreiter.
18:20 of 2nd period - Shot Misses the Net.
18:22 of 2nd period - Slapshot by Ryan Johansen.
18:22 of 2nd period - Deflect By Jared Cowen.
18:22 of 2nd period - Goal by Ryan Johansen - Jets : 4 - Golden Knights : 3.
18:23 of 2nd period - Andrei Loktionov wins face-off versus Derek Stepan in neutral zone.
18:35 of 2nd period - Wrist shot by Michael Frolik.
18:35 of 2nd period - Shot Misses the Net.
Goals for this period are 4 for Jets vs 2 for Golden Knights.
Shots for this period are 16 for Jets vs 9 for Golden Knights.
3rd period
0:01 of 3rd period - Andrei Loktionov wins face-off versus Derek Stepan in neutral zone.
0:04 of 3rd period - Corey Perry is hit by Michael Frolik and loses puck.
0:27 of 3rd period - Zach Bogosian is hit by Victor Hedman and loses puck.
0:45 of 3rd period - Icing by Thomas Vanek.
0:46 of 3rd period - Erik Haula wins face-off versus Shawn Matthias in Golden Knights zone.
0:53 of 3rd period - Snap shot by Dwight King.
0:53 of 3rd period - Shot Misses the Net.
0:55 of 3rd period - Slapshot by Jimmy Vesey.
0:55 of 3rd period - Stopped by Ondrej Pavelec with a rebound.
1:13 of 3rd period - Snap shot by Derek Stepan.
1:13 of 3rd period - Stopped by Ondrej Pavelec without a rebound.
1:14 of 3rd period - Derek Stepan wins face-off versus Andrei Loktionov in Golden Knights zone.
1:49 of 3rd period - Wrist shot by Michael Frolik.
1:49 of 3rd period - Shot Misses the Net.
2:06 of 3rd period - Slapshot by Marcus Johansson.
2:06 of 3rd period - Shot Blocked by Wes O'Neill.
2:16 of 3rd period - Marco Scandella is hit by Andrei Loktionov and loses puck.
2:23 of 3rd period - Snap shot by Ilya Kovalchuk.
2:23 of 3rd period - Stopped by Kari Lehtonen without a rebound.
2:24 of 3rd period - Matt Stajan wins face-off versus Ryan Johansen in Jets zone.
2:27 of 3rd period - Snap shot by Thomas Vanek.
2:27 of 3rd period - Shot Misses the Net.
2:29 of 3rd period - Wrist shot by Matt Stajan.
2:29 of 3rd period - Shot Misses the Net.
2:31 of 3rd period - Snap shot by Michael Kostka.
2:31 of 3rd period - Shot Misses the Net.
2:33 of 3rd period - Snap shot by Wayne Simmonds.
2:33 of 3rd period - Deflect By Thomas Vanek.
2:33 of 3rd period - Stopped by Kari Lehtonen with a rebound.
2:35 of 3rd period - Snap shot by Matt Stajan.
2:35 of 3rd period - Stopped by Kari Lehtonen without a rebound.
2:36 of 3rd period - Matt Stajan wins face-off versus Ryan Johansen in Jets zone.
2:37 of 3rd period - Snap shot by Wayne Simmonds.
2:37 of 3rd period - Shot Misses the Net.
3:12 of 3rd period - Snap shot by Patrice Cormier.
3:12 of 3rd period - Shot Misses the Net.
3:14 of 3rd period - Slapshot by Michael Kostka.
3:14 of 3rd period - Shot Blocked by Victor Hedman.
3:26 of 3rd period - Wrist shot by Victor Hedman.
3:26 of 3rd period - Shot Blocked by Vladimir Zharkov.
3:28 of 3rd period - Snap shot by Ronalds Kenins.
3:28 of 3rd period - Shot Blocked by Chris Tierney.
3:30 of 3rd period - Slapshot by Victor Hedman.
3:30 of 3rd period - Shot Blocked by Vladimir Zharkov.
3:32 of 3rd period - Snap shot by Tyler Myers.
3:32 of 3rd period - Shot Misses the Net.
4:19 of 3rd period - Wrist shot by Derek Stepan.
4:19 of 3rd period - Shot Misses the Net.
4:39 of 3rd period - Snap shot by Michael Frolik.
4:39 of 3rd period - Shot Blocked by Marco Scandella.
4:41 of 3rd period - Backhand shot by Andrei Loktionov.
4:41 of 3rd period - Stopped by Kari Lehtonen with a rebound.
5:10 of 3rd period - Icing by Wes O'Neill.
5:11 of 3rd period - Chris Tierney wins face-off versus Marcus Johansson in Golden Knights zone.
5:11 of 3rd period - Chris Tierney is hit by Marcus Johansson.
5:17 of 3rd period - Wrist shot by Derek Stepan.
5:17 of 3rd period - Stopped by Ondrej Pavelec without a rebound.
5:18 of 3rd period - Chris Tierney wins face-off versus Ryan Johansen in Golden Knights zone.
5:25 of 3rd period - Snap shot by Adam Henrique.
5:25 of 3rd period - Goal by Adam Henrique - Jets : 5 - Golden Knights : 3.
5:26 of 3rd period - Derek Stepan wins face-off versus Andrei Loktionov in neutral zone.
5:28 of 3rd period - Off-side.
5:29 of 3rd period - Andrei Loktionov wins face-off versus Derek Stepan in neutral zone.
5:34 of 3rd period - Wrist shot by Michael Frolik.
5:34 of 3rd period - Shot Misses the Net.
5:36 of 3rd period - Slapshot by Ilya Kovalchuk.
5:36 of 3rd period - Shot Misses the Net.
5:38 of 3rd period - Slapshot by Andrei Loktionov.
5:38 of 3rd period - Deflect By Michael Frolik.
5:38 of 3rd period - Shot Blocked by Derek Stepan.
5:38 of 3rd period - Puck is out of play.
5:39 of 3rd period - Andrei Loktionov wins face-off versus Ryan Johansen in Jets zone.
6:00 of 3rd period - Michael Frolik is hit by Adam Henrique and loses puck.
6:12 of 3rd period - Snap shot by Andrei Loktionov.
6:12 of 3rd period - Stopped by Kari Lehtonen with a rebound.
6:14 of 3rd period - Snap shot by Ilya Kovalchuk.
6:14 of 3rd period - Stopped by Kari Lehtonen without a rebound.
6:15 of 3rd period - Derek Stepan wins face-off versus Thomas Vanek in Jets zone.
6:17 of 3rd period - Minor Penalty to Corey Perry for Tripping.
6:18 of 3rd period - Andrei Loktionov wins face-off versus Derek Stepan in Jets zone.
6:20 of 3rd period - Snap shot by Michael Frolik.
6:20 of 3rd period - Stopped by Kari Lehtonen with a rebound.
6:22 of 3rd period - Backhand shot by Ilya Kovalchuk.
6:22 of 3rd period - Shot Blocked by Derek Stepan.
6:24 of 3rd period - Snap shot by Andrei Loktionov.
6:24 of 3rd period - Shot Misses the Net.
6:59 of 3rd period - Wrist shot by Erik Haula.
6:59 of 3rd period - Shot Hit the Post.
7:01 of 3rd period - Wrist shot by Nino Niederreiter.
7:01 of 3rd period - Shot Blocked by Thomas Vanek.
8:17 of 3rd period - Penalty to Corey Perry is over, Corey Perry is back on ice.
8:33 of 3rd period - Snap shot by Shawn Matthias.
8:33 of 3rd period - Goal by Shawn Matthias - Jets : 5 - Golden Knights : 4.
8:34 of 3rd period - Andrei Loktionov wins face-off versus Derek Stepan in neutral zone.
8:39 of 3rd period - Slapshot by Jared Cowen.
8:39 of 3rd period - Shot Misses the Net.
8:41 of 3rd period - Minor Penalty to Derek Stepan for Hooking.
8:42 of 3rd period - Andrei Loktionov wins face-off versus Nino Niederreiter in Jets zone.
8:53 of 3rd period - Wrist shot by Michael Frolik.
8:53 of 3rd period - Shot Misses the Net.
9:07 of 3rd period - Dougie Hamilton is hit by Matt Stajan and loses puck.
10:41 of 3rd period - Penalty to Derek Stepan is over, Derek Stepan is back on ice.
10:47 of 3rd period - Off-side.
10:48 of 3rd period - Ryan Johansen wins face-off versus Chris Tierney in neutral zone.
11:15 of 3rd period - Backhand shot by Nathan Horton.
11:15 of 3rd period - Goal by Nathan Horton - Jets : 5 - Golden Knights : 5.
11:16 of 3rd period - Derek Stepan wins face-off versus Andrei Loktionov in neutral zone.
11:31 of 3rd period - Snap shot by Marcus Johansson.
11:31 of 3rd period - Shot Misses the Net.
11:33 of 3rd period - Slapshot by Victor Hedman.
11:33 of 3rd period - Deflect By Corey Perry.
11:33 of 3rd period - Goal by Corey Perry - Jets : 6 - Golden Knights : 5.
11:34 of 3rd period - Andrei Loktionov wins face-off versus Derek Stepan in neutral zone.
12:10 of 3rd period - Wrist shot by Patrice Cormier.
12:10 of 3rd period - Shot Misses the Net.
12:12 of 3rd period - Slapshot by Mathew Dumba.
12:12 of 3rd period - Stopped by Kari Lehtonen with a rebound.
12:14 of 3rd period - Wrist shot by Shawn Matthias.
12:14 of 3rd period - Shot Blocked by Victor Hedman.
12:29 of 3rd period - Slapshot by Erik Haula.
12:29 of 3rd period - Stopped by Ondrej Pavelec with a rebound.
12:31 of 3rd period - Snap shot by Jimmy Vesey.
12:31 of 3rd period - Stopped by Ondrej Pavelec with a rebound.
12:33 of 3rd period - Slapshot by Tyler Myers.
12:33 of 3rd period - Stopped by Ondrej Pavelec with a rebound.
12:35 of 3rd period - Slapshot by Erik Haula.
12:35 of 3rd period - Shot Misses the Net.
12:43 of 3rd period - Minor Penalty to Wayne Simmonds for Roughing.
12:44 of 3rd period - Michael Frolik wins face-off versus Ryan Johansen in Golden Knights zone.
13:07 of 3rd period - Minor Penalty to Marco Scandella for Tripping.
13:08 of 3rd period - Ryan Johansen wins face-off versus Michael Frolik in Jets zone.
13:21 of 3rd period - Slapshot by Ryan Johansen.
13:21 of 3rd period - Shot Misses the Net.
14:43 of 3rd period - Penalty to Wayne Simmonds is over, Wayne Simmonds is back on ice.
15:07 of 3rd period - Penalty to Marco Scandella is over, Marco Scandella is back on ice.
15:20 of 3rd period - Michael Kostka is hit by Dwight King and loses puck.
15:36 of 3rd period - Nathan Horton is hit by Dougie Hamilton.
15:42 of 3rd period - Marco Scandella is hit by Wes O'Neill and loses puck.
16:10 of 3rd period - Nathan Horton is hit by Jimmy Vesey and loses puck.
16:19 of 3rd period - Tyler Myers is hit by Vladimir Mihalik and loses puck.
16:26 of 3rd period - Nathan Horton is hit by Dwight King and loses puck.
16:41 of 3rd period - Slapshot by Jimmy Vesey.
16:41 of 3rd period - Goal by Jimmy Vesey - Jets : 7 - Golden Knights : 5.
16:42 of 3rd period - Andrei Loktionov wins face-off versus Miro Aaltonen in neutral zone.
16:57 of 3rd period - Slapshot by Andrei Loktionov.
16:57 of 3rd period - Stopped by Kari Lehtonen with a rebound.
16:59 of 3rd period - Snap shot by Ilya Kovalchuk.
16:59 of 3rd period - Shot Misses the Net.
17:11 of 3rd period - Wrist shot by Ryan Johansen.
17:11 of 3rd period - Shot Misses the Net.
17:19 of 3rd period - Slapshot by Jared Cowen.
17:19 of 3rd period - Stopped by Kari Lehtonen with a rebound.
17:37 of 3rd period - Snap shot by Marcus Johansson.
17:37 of 3rd period - Shot Blocked by Zach Bogosian.
17:39 of 3rd period - Slapshot by Corey Perry.
17:39 of 3rd period - Stopped by Ondrej Pavelec without a rebound.
17:40 of 3rd period - Miro Aaltonen wins face-off versus Matt Stajan in Golden Knights zone.
18:16 of 3rd period - Snap shot by Sergei Plotnikov.
18:16 of 3rd period - Stopped by Kari Lehtonen without a rebound.
18:17 of 3rd period - Andrei Loktionov wins face-off versus Erik Haula in Jets zone.
18:30 of 3rd period - Snap shot by Erik Haula.
18:30 of 3rd period - Stopped by Ondrej Pavelec without a rebound.
18:31 of 3rd period - Andrei Loktionov wins face-off versus Erik Haula in Golden Knights zone.
18:36 of 3rd period - Slapshot by Michael Frolik.
18:36 of 3rd period - Shot Blocked by Tyler Myers.
Goals for this period are 3 for Jets vs 2 for Golden Knights.
Shots for this period are 11 for Jets vs 13 for Golden Knights.